 Dungeon Crawl Stone Soup version 0.30-a0-748-ge6a52f7cba (webtiles) character file.

Game seed: 3758014646037443641

35 jimonade the Cutter (level 3, -2/27 HPs)
             Began as a Demonspawn Gladiator on Feb 8, 2023.
             Slain by Sigmund
             ... wielding a +0 scythe
              (4 damage)
             ... on level 2 of the Dungeon.
             The game lasted 00:02:24 (1278 turns).

jimonade the Cutter (Demonspawn Gladiator)          Turns: 1278, Time: 00:02:24

Health: -2/27      AC:  6    Str: 14    XL:     3   Next: 17%
Magic:  3/3        EV: 11    Int: 11    God:
Gold:   108        SH:  0    Dex: 14    Spells: 2/2 levels left

rFire   . . .      SeeInvis .    a - +0 short sword (protect)
rCold   . . .      Faith    .    (no shield)
rNeg    . . .      Spirit   .    m - +0 ring mail
rPois   .          Reflect  .    (helmet restricted)
rElec   .          Harm     .    (no cloak)
rCorr   .          Rampage  .    (no gloves)
Will    .....                    o - +0 pair of boots
Stlth   +                        (no amulet)
HPRegen 0.24/turn                (no ring)
MPRegen 0.08/turn                (no ring)

@: no status effects
A: antennae 1
a: no special abilities


You were on level 2 of the Dungeon.
You visited 1 branch of the dungeon, and saw 2 of its levels.

You collected 108 gold pieces.

Inventory:

Hand Weapons
 a - a +0 short sword of protection (weapon)
 n - a +0 rapier
Missiles
 d - a throwing net (quivered)
 e - a javelin
Armour
 b - a +0 leather armour
 c - a +0 helmet
 m - a +0 ring mail (worn)
 o - a +0 pair of boots (worn)
Scrolls
 f - a scroll of immolation {unknown}
 g - a scroll of fog {unknown}
 i - 2 scrolls of identify {unknown}
 j - a scroll of fear {unknown}
 l - a scroll of acquirement {unknown}
Potions
 h - a potion of attraction {unknown}
 k - 2 potions of curing {unknown}


   Skills:
 + Level 2.1 Fighting
 * Level 3.6 Short Blades
 + Level 1.7 Throwing
 + Level 3.0 Dodging


You had 2 spell levels left.
You didn't know any spells.
Your spell library was empty.

Dungeon Overview and Level Annotations

Branches:
Dungeon (2/15)

Altars:

Annotations:
D:2 Sigmund


Innate Abilities, Weirdness & Mutations

You have a pair of small antennae on your head.


Message History

Something hits you.
You hit something but do no damage. You miss something.
Something hits you but does no damage.
You miss something. You hit something but do no damage.
You hear some strange, mumbled words.
A magic dart appears from out of thin air!
The magic dart hits you.
You completely miss something. Something hits you but does no damage.
You hit something. You hit something. Something hits you but does no damage.
You hit something. You closely miss something.
Something hits you but does no damage.
You hit something.
Throw: 3 throwing nets
Press: ? - help, Q - select action, (/) - cycle Shift-Dir - straight line
Okay, then.
Unknown command.
Throw: 3 throwing nets
Press: ? - help, Q - select action, (/) - cycle Shift-Dir - straight line You throw a throwing net.
Something hits you but does no damage.
Throw: 2 throwing nets
Press: ? - help, Q - select action, (/) - cycle Shift-Dir - straight line You throw a throwing net.
Something hits you but does no damage.
You hit something. You closely miss something.
Something hits you but does no damage.
You completely miss something. You closely miss something. Something hits you.
You hit something but do no damage. You closely miss something.
Something hits you!
* * * LOW HITPOINT WARNING * * *
You closely miss something. You closely miss something. Something hits you.
* * * LOW HITPOINT WARNING * * *
You miss something. Something hits you but does no damage.
You closely miss something. You miss something. Something hits you.
You die...

......#.# #.# #####.#.#
#.# #.#.# ###†### #.#.#
#...... #.#.# #?.....
#.#.######## #......
####.#......... #......
#.........##############
#...... #.........#
#..@{...............
#.........#
#.############......
#.........###.#######
#######
#.........'..........
#.........###.#######
#.........# #...
#.........# #####
#........†# .........#


There were no monsters in sight!

Vanquished Creatures
  A worm (D:2)
  2 dart slugs
  A bat (D:1)
  An endoplasm (D:2)
  3 goblins
  3 hobgoblins
  2 quokkas (D:2)
  A ball python (D:1)
  6 frilled lizards
  6 kobolds (D:1)
  4 rats (D:1)
30 creatures vanquished.

Vanquished Creatures (others)
  16 plants (D:1)
16 creatures vanquished.

Grand Total: 46 creatures vanquished

Notes
Turn   | Place    | Note
-------+----------+-------------------------------------------
     0 | D:1      | jimonade the Demonspawn Gladiator began the quest for the
                  | Orb.
     0 | D:1      | Reached XP level 1. HP: 16/16 MP: 1/1
   271 | D:1      | Gained mutation: You have a pair of small antennae on your
                  | head. [demonic ancestry]
   271 | D:1      | Reached XP level 2. HP: 20/22 MP: 2/2
   735 | D:2      | Noticed Sigmund
   995 | D:2      | Reached XP level 3. HP: 27/27 MP: 3/3
  1275 | D:2      | HP: 1/27 [something (2)]
  1278 | D:2      | Slain by Sigmund

Illustrated notes

Levels and vault maps discovered:
D:1:      scummos_arrival_checkerplants, layout_basic, lexackson_kobold_supper
D:2:      layout_basic, minmay_strange_pillars, uniq_sigmund

Skill      XL: |  1  2 |
---------------+-------+-----
Short Blades   | 3 |  3.6
Dodging        | 3 |  3.0
Fighting       | |  2.1
Throwing       | |  1.7

Action                     || total
---------------------------++-------
  Melee: Rapier            ||   103
         Punch             ||     5
         Short sword       ||    73
  Throw: Throwing net      ||     2
 Armour: Leather armour    ||    30
         Ring mail         ||    10
  Dodge: Dodged            ||    57

Table legend: (Time is in decaauts)
 A = Elapsed time spent in this place.
 B = Non-inter-level travel time spent in this place.
 C = Inter-level travel time spent in this place.
 D = Time resting spent in this place.
 E = Time spent auto-exploring this place.
 F = Levels seen in this place.
 G = Mean time per level.
                   A        B        C        D        E       F      G
               +--------+--------+--------+--------+--------+-----+--------+
         Total |   1270 |   1188 |     82 |      0 |    843 |   2 |  635.0 |
       Dungeon |   1270 |   1188 |     82 |      0 |    843 |   2 |  635.0 |
               +--------+--------+--------+--------+--------+-----+--------+

Top non-repeatable levels by time:
     D:1: 771 daAuts
     D:2: 498 daAuts
